 Dungeon Crawl Stone Soup version 0.32-a0-128-g77eb882913 (webtiles) character file.

Game seed: 9224950701397633044

4 IdlyInterested the Trooper (level 1, -1/18 HPs)
             Began as a Demonspawn Fighter on Feb 7, 2024.
             Slain by a jackal (3 damage)
             ... on level 1 of the Dungeon.
             The game lasted 00:00:28 (105 turns).

IdlyInterested the Trooper (Demonspawn Fighter)      Turns: 105, Time: 00:00:29

Health: -1/18      AC:  6    Str: 16    XL:     1   Next: 50%
Magic:  1/1        EV:  8    Int:  8    God:
Gold:   5          SH:  4    Dex: 12    Spells: 0/0 levels left

rFire   . . .        a - +0 rapier
rCold   . . .        c - +0 buckler
rNeg    . . .        b - +0 scale mail
rPois   .            (no helmet)
rElec   .            (no cloak)
rCorr   .            (no gloves)
SInv    .            (no boots)
Will    .....        (no amulet) Stlth
                     (no ring)
HPRegen 0.23/turn    (no ring)
MPRegen 0.07/turn

%: no passive effects
@: no status effects
A: no striking features
a: no special abilities


You were on level 1 of the Dungeon.
You visited 1 branch of the dungeon, and saw 1 of its levels.

You collected 5 gold pieces.

Inventory:

Hand Weapons
 a - a +0 rapier (weapon)
 f - a +1 dagger of venom
Missiles
 e - 6 stones (quivered)
 g - 2 poisoned darts
Armour
 b - a +0 scale mail (worn)
 c - a +0 buckler (worn)
Potions
 d - a potion of might


   Skills:
 - Level 3.0 Fighting
 * Level 2.0 Short Blades
 + Level 2.8 Armour
 - Level 2.6 Shields


You couldn't memorise any spells.
You didn't know any spells.
Your spell library was empty.

Dungeon Overview and Level Annotations

Branches:
Dungeon (1/15)

Altars:


Message History

A jackal is nearby!
An endoplasm and a jackal come into view.
The endoplasm quivers.
The jackal barks! x2; You hear an angry hiss.
A jackal comes into view.
Found 4 stones.
The jackal barks!
You hit the jackal.
The jackal is severely wounded.
The jackal closely misses you.
A ball python comes into view.
The jackal closely misses you.
You barely miss the jackal.
The jackal is severely wounded.
The jackal bites you.
You hit the jackal.
You kill the jackal!
The jackal closely misses you.
Your Short Blades skill increases to level 2!
You hit the jackal but do no damage. The jackal closely misses you.
The jackal bites you but does no damage.
The jackal pauses to sniff the ground.
You closely miss the jackal. You block the jackal's attack.
You barely miss the jackal.
The ball python hisses angrily.
The jackal bites you. x2
* * * LOW HITPOINT WARNING * * *
You barely miss the jackal.
The jackal bites you but does no damage.
You closely miss the jackal. The jackal bites you.
* * * LOW HITPOINT WARNING * * *
The jackal barely misses you.
You closely miss the jackal. You block the jackal's attack.
The jackal bites you but does no damage.
You hit the jackal but do no damage. The jackal bites you.
* * * LOW HITPOINT WARNING * * *
You hit the jackal.
The jackal is almost dead.
The jackal bites you.
You die...

######....###..######.#
.♣P#P###...##..####...##
..♣P#.♣##.....†#.......##.
....<♣##...##.†#.#.#...?..
..♣P#.♣##.................
.♣P#P###.####..#.#.#......
###### #..#Jh.h......
#..#h##......( #..#@#
....... #..#.# ....S..
#..... ###.### ...#.## .#
#...# # # ... #.. ###


You could see an endoplasm and 2 jackals.

Vanquished Creatures
  A giant cockroach (D:1)
  A jackal (D:1)
  A ball python (D:1)
  A goblin (D:1)
4 creatures vanquished.

Notes
Turn   | Place    | Note
-------+----------+-------------------------------------------
     0 | D:1      | IdlyInterested the Demonspawn Fighter began the quest for
                  | the Orb.
     0 | D:1      | Reached XP level 1. HP: 18/18 MP: 1/1
   105 | D:1      | Slain by a jackal

Illustrated notes

Levels and vault maps discovered:
D:1:      tarquinn_simple_flora_water_d, layout_loops_ring,
          basic_ecumenical_altar, glass_columns_a, minmay_unequal

Skill      XL: |  1 |
---------------+----+-----
Short Blades   | 2 |  2.0
Fighting       | |  3.0
Armour         | |  2.8
Shields        | |  2.6

Action                     || total
---------------------------++-------
  Melee: Rapier            ||    16
 Armour: Scale mail        ||    12
  Dodge: Dodged            ||     5
  Block: Buckler           ||     2

Table legend: (Time is in decaauts)
 A = Elapsed time spent in this place.
 B = Non-inter-level travel time spent in this place.
 C = Inter-level travel time spent in this place.
 D = Time resting spent in this place.
 E = Time spent auto-exploring this place.
 F = Levels seen in this place.
 G = Mean time per level.
                   A        B        C        D        E       F      G
               +--------+--------+--------+--------+--------+-----+--------+
         Total |    107 |    107 |      0 |      3 |     54 |   1 |  107.0 |
       Dungeon |    107 |    107 |      0 |      3 |     54 |   1 |  107.0 |
               +--------+--------+--------+--------+--------+-----+--------+

Top non-repeatable levels by time:
     D:1: 107 daAuts
